 Dungeon Crawl Stone Soup version 0.29-a0-414-g5075937ec3 (webtiles) character file.

Game seed: 14088855637796390924

879 marklar909 the Chopper (level 7, 0/57 HPs)
             Began as a Palentonga Fighter on May 16, 2022.
             Was an Initiate of Qazlal.
             Slain by an orc warrior
             ... wielding a +0 mace
              (10 damage)
             ... on level 6 of the Dungeon.
             The game lasted 00:05:35 (5532 turns).

marklar909 the Chopper (Palentonga Fighter)         Turns: 5532, Time: 00:05:36

Health: 0/57       AC: 20    Str: 19    XL:     7   Next: 75%
Magic:  7/7        EV:  7    Int:  8    God:    Qazlal [......]
Gold:   217        SH:  4    Dex: 12    Spells: 6/6 levels left

rFire   . . .      SeeInvis +   a - +1 war axe
rCold   . . .      Faith    .   c - +0 buckler
rNeg    . . .      Spirit   .   b - +0 scale mail
rPois   +          Reflect  .   (no helmet)
rElec   .          Harm     .   e - +1 cloak
rCorr   .          Rampage  .   (no gloves)
Will    .....                   (no barding)
Stlth   ..........              (no amulet)
HPRegen 0.19/turn               i - ring of poison resistance
MPRegen 0.10/turn               j - +4 ring of protection

@: curled up
A: large, rugged brown scales 3, see invisible, deformed body, roll 1, armoured
tail, reflexive curl
a: Rolling Charge, Renounce Religion


You were on level 6 of the Dungeon.
You worshipped Qazlal.
Qazlal was noncommittal.
You visited 2 branches of the dungeon, and saw 7 of its levels.

You collected 217 gold pieces.

Inventory:

Hand Weapons
 a - a +1 war axe (weapon)
Armour
 b - a +0 scale mail (worn)
 c - a +0 buckler (worn)
 e - a +1 cloak (worn)
Jewellery
 h - a +6 ring of strength
 i - a ring of poison resistance (left hand)
 j - a +4 ring of protection (right hand)
Wands
 k - a wand of flame (17)
Scrolls
 f - 3 scrolls of teleportation
 g - a scroll of enchant armour
 m - a scroll of fog {unknown}
 u - a scroll of fear
 v - 2 scrolls of immolation
Potions
 d - a potion of might
 l - a potion of attraction
 o - a potion of berserk rage
 p - 3 potions of mutation
 q - 2 potions of heal wounds
 r - 2 potions of haste


   Skills:
 + Level 4.2 Fighting
 + Level 7.0 Axes
 + Level 3.9 Armour
 + Level 1.1 Dodging
 + Level 0.3 Stealth
 + Level 3.4 Shields


You had 6 spell levels left.
You didn't know any spells.
Your spell library contained the following spells:

 Spells                   Type           Power      Damage    Failure   Level
 Magic Dart               Conj           0%         1d3       83%         1
 Call Imp                 Summ           0%         N/A       93%         2
 Static Discharge         Conj/Air       0%         N/A       93%         2
 Mephitic Cloud           Conj/Pois/Air  0%         N/A       99%         3
 Tukima's Dance           Hex            0%         N/A       99%         3
 Dispel Undead            Necr           0%         3d6       100%        4
 Passage of Golubria      Tloc           0%         N/A       100%        4
 Sticky Flame             Conj/Fire      0%         2d3       100%        4
 Yara's Violent Unravell  Hex/Tmut       0%         3d3       100%        5


Dungeon Overview and Level Annotations

Branches:
Dungeon (6/15)             Temple (1/1) D:4

Altars:
Dithmenos
Fedhas
Gozag
Hepliaklqana
Nemelex Xobeh
Qazlal
Ru
Sif Muna
Trog
Uskayaw
Vehumet
Wu Jian
Yredelemnul


Innate Abilities, Weirdness & Mutations

You are completely covered in rugged brown scales. (AC +3, +7% HP)
You have supernaturally acute eyesight. (SInv)
Armour fits poorly on your strangely shaped body.
You can roll at nearby foes to attack.
You have a long armoured tail.
You curl defensively after being hit. (AC +7*)


Message History

You are too injured to fight recklessly!
The orc warrior attacks as you move away!
The orc warrior hits you but does no damage.
Things that are here:
a +0 short sword; an orc skeleton The orc attacks as you move away!
The orc hits you with a +0 hand axe.
The orc warrior attacks as you move away!
The orc warrior hits you but does no damage.
There is a stone staircase leading up here.
You hit the orc warrior but do no damage.
The orc warrior is heavily wounded.
You hit the orc. You block the orc warrior's attack.
The orc hits you but does no damage.
You closely miss the orc warrior. You tail-slap the orc warrior!
The orc warrior is almost dead.
You hit the orc.
You kill the orc!
Qazlal accepts your kill.
The orc warrior hits you but does no damage.
You hit the orc warrior but do no damage.
The orc warrior is almost dead.
The orc warrior hits you with a +0 mace.
The orc warrior hits you with a +0 mace!
* * * LOW HITPOINT WARNING * * *
You closely miss the orc warrior.
Your tail-slap misses the orc warrior.
The orc warrior is almost dead.
The orc warrior barely misses you.
You hit the orc warrior but do no damage.
The orc warrior is almost dead.
The orc warrior barely misses you.
Unknown command.
Okay, then.
You closely miss the orc warrior.
You tail-slap the orc warrior, but do no damage.
The orc warrior is almost dead.
You block the orc warrior's attack.
You barely miss the orc warrior. You tail-slap the orc warrior.
The orc warrior is almost dead.
The orc warrior hits you with a +0 mace!
You die...

#. ######....# #(
#.....<...# #[
#.........### #.
#.....>.....# ###
#...)........# #...
#...).>..#.#.# #....
#รท)......#.....
#.....#o)........##..
.......@.......#...
......#........####
......#........#
##### ##########


You could see an orc warrior.

Vanquished Creatures
  2 water moccasins
  A black bear (D:6)
  A centaur (D:5)
  A bullfrog (D:6)
  3 hounds
  A gnoll shaman (D:6)
  3 iguanas
  7 gnolls
  6 adders
  2 white imps
  3 worms
  3 dart slugs
  11 orcs
  10 endoplasms
  A giant cockroach (D:1)
  8 goblins
  4 hobgoblins
  11 kobolds
  A quokka (D:4)
  6 ball pythons
  5 bats
  6 frilled lizards
  6 rats
102 creatures vanquished.

Vanquished Creatures (others)
  2 plants (D:4)
2 creatures vanquished.

Grand Total: 104 creatures vanquished

Notes
Turn   | Place    | Note
-------+----------+-------------------------------------------
     0 | D:1      | marklar909 the Palentonga Fighter began the quest for the
                  | Orb.
     0 | D:1      | Reached XP level 1. HP: 19/19 MP: 1/1
   287 | D:1      | Reached XP level 2. HP: 21/25 MP: 2/2
   482 | D:1      | Found a faded altar of an unknown god.
   720 | D:1      | Reached XP level 3. HP: 31/31 MP: 3/3
  1124 | D:2      | Reached skill level 3 in Axes
  1132 | D:2      | Reached XP level 4. HP: 25/37 MP: 4/4
  1768 | D:3      | Reached skill level 4 in Axes
  2518 | D:4      | Found a sacrificial altar of Ru.
  2528 | D:4      | Reached XP level 5. HP: 40/43 MP: 5/5
  2811 | D:4      | Reached skill level 5 in Axes
  3041 | D:4      | Found a shadowy altar of Dithmenos.
  3043 | D:4      | Noticed a shadow
  3063 | D:4      | Found a blossoming altar of Fedhas.
  3403 | D:4      | Found a hazy altar of Hepliaklqana.
  3497 | D:4      | Found a staircase to the Ecumenical Temple.
  3511 | Temple   | Entered the Ecumenical Temple
  3596 | Temple   | Became a worshipper of Qazlal Stormbringer
  3655 | D:5      | Entered Level 5 of the Dungeon
  3707 | D:5      | Reached XP level 6. HP: 36/50 MP: 6/6
  4740 | D:5      | Noticed a water moccasin
  4745 | D:5      | Killed a water moccasin
  4746 | D:5      | Reached skill level 6 in Axes
  4746 | D:5      | Gained mutation: You curl defensively after being hit. (AC
                  | +7*) [Palentonga growth]
  4746 | D:5      | Reached XP level 7. HP: 56/56 MP: 7/7
  5198 | D:6      | Reached skill level 1 in Dodging
  5514 | D:6      | Reached skill level 7 in Axes
  5532 | D:6      | Slain by an orc warrior

Illustrated notes

Levels and vault maps discovered:
D:1:      psy_arrival_dodecagon, layout_loops_cross,
          ebering_ecumenical_altar_webs, kennysheep_pointless_box
D:2:      layout_rooms, st_stairs_1, grunt_ministairs_6
D:3:      minmay_skewed_foursquare, layout_basic, kennysheep_generic_room_12
D:4:      layout_basic, riverfiend_overflow_shadow_ancestor, lemuel_round_altar,
          general_overflow_altar, temple_hall, serial_forest,
          infiniplex_forest_clump_small, infiniplex_forest_clump_small,
          infiniplex_forest_lined_corner, infiniplex_forest_zigzag_1,
          infiniplex_forest_corner_1, infiniplex_forest_clump_cross,
          infiniplex_forest_corner_1, infiniplex_forest_straight_3,
          infiniplex_forest_pool, kennysheep_potato
D:5:      layout_loops_corners
D:6:      layout_rooms, gammafunk_ghost_smash, hangedman_decor_points
Temple:   compressed_dpeg_triangle_lava_temple

Skill      XL: |  1  2  3  4  5  6  7 |
---------------+----------------------+-----
Shields        | 3 |  3.4
Axes           | 3 4 5 6 7 |  7.0
Armour         | 3 |  3.9
Fighting       | 4 |  4.2
Dodging        | 1 |  1.1
Stealth        | |  0.3

Action                   |  1- 3 |  4- 6 |  7- 9 || total
-------------------------+-------+-------+-------++-------
Melee: War axe           |    84 |   174 |    65 ||   323
       Tailslap          |     8 |    14 |    13 ||    35
 Abil: Rolling Charge    |       |     1 |       ||     1
  Use: Scroll            |     1 |     9 |     5 ||    15
Armor: Scale mail        |    45 |   120 |    41 ||   206
Dodge: Dodged            |    20 |    56 |    24 ||   100
Block: Buckler           |    17 |    29 |    20 ||    66

Table legend: (Time is in decaauts)
 A = Elapsed time spent in this place.
 B = Non-inter-level travel time spent in this place.
 C = Inter-level travel time spent in this place.
 D = Time resting spent in this place.
 E = Time spent auto-exploring this place.
 F = Levels seen in this place.
 G = Mean time per level.
                   A        B        C        D        E       F      G
               +--------+--------+--------+--------+--------+-----+--------+
         Total |   5633 |   5303 |    330 |    630 |   3914 |   7 |  804.7 |
       Dungeon |   5529 |   5301 |    228 |    630 |   3914 |   6 |  921.5 |
        Temple |    103 |      1 |    102 |      0 |      0 |   1 |  103.0 |
               +--------+--------+--------+--------+--------+-----+--------+

Top non-repeatable levels by time:
     D:5: 1648 daAuts
     D:4: 1151 daAuts
     D:1: 1048 daAuts
     D:3: 805 daAuts
     D:2: 623 daAuts
     D:6: 252 daAuts
  Temple: 103 daAuts
